 Dungeon Crawl Stone Soup version 0.18.1-6-gd335043 (webtiles) character file.

677198 Helmschank the Crack Shot (level 27, -6/260 (261) HPs)
             Began as a Centaur Conjurer on May 19, 2016.
             Was the Champion of Okawaru.
             Killed from afar by an orb of fire (39 damage)
             ... with a bolt of fire
             ... on level 5 of the Realm of Zot on May 20, 2016.
             The game lasted 11:28:40 (125914 turns).

Helmschank the Crack Shot (Centaur Conjurer)      Turns: 125914, Time: 11:28:41

HP:   -6/260 (261)  AC: 40    Str: 22    XL:     27
MP:   35/38         EV: 24    Int: 22    God:    Okawaru [******]
Gold: 5544          SH:  0    Dex: 19    Spells: 15 memorised, 13 levels left

rFire  + . .     SeeInvis +     a - +4 longbow (freeze)
rCold  + . .     Gourm    .     h - +6 mottled dragon armour of the Seas {Slay+5 Stlth+}
rNeg   + . .     Faith    .     (shield currently unavailable)
rPois  +         Spirit   .     Y - +3 crown of Dyrovepreva {rElec Int+2 SInv}
rElec  +         Dismiss  .     I - +2 cloak {rPois}
rCorr  .         Reflect  .     l - +2 pair of gloves {archery}
SustAt .         Harm     .     m - +2 centaur barding {Fly}
MR     +++..     Rnd*Rage +     S - amulet of Vitality {Regen+ HP+15}
Stlth  +++.......               u - ring of Jouli {rC+ Str+5 Dex+4}
                                R - ring "Neifoal" {rN+ MR+ Int+4}

@: heroism, finesse, flying, very quick, extremely resistant to hostile
enchantments, fairly stealthy
A: antennae 1, hooves 3, thin metallic scales 1, berserk 1, blurry vision 2,
deformed body, fire resistance 1, speed 2, regeneration 1, screaming 1, tough
skin 3
a: Heroism, Finesse, Renounce Religion, Stop Flying
}: 4/15 runes: decaying, silver, abyssal, gossamer


You were on level 5 of the Realm of Zot.
You worshipped Okawaru.
Okawaru was exalted by your worship.
You were not hungry.

You visited 10 branches of the dungeon, and saw 52 of its levels.
You visited the Abyss 2 times.
You also visited: Labyrinth and Wizlab.

You collected 7807 gold pieces.
You spent 2263 gold pieces at shops.

Inventory:

Hand Weapons
 a - a +4 longbow of freezing (weapon)
 b - a +4 glaive of protection
 d - a +4 halberd of flaming
 e - a +3 longbow of velocity
 w - a +0 glaive of venom
Missiles
 t - 1122 arrows (quivered)
Armour
 h - the +6 mottled dragon armour of the Seas (worn) {Slay+5 Stlth+}
   (Okawaru gifted it to you on level 1 of the Depths)

   It affects your accuracy and damage with ranged weapons and melee attacks
   (+5).
   It makes you more stealthy.
 l - a +2 pair of gloves of archery (worn)
 m - a +2 centaur barding of flying (worn)
 I - a +2 cloak of poison resistance (worn)
 Y - the +3 crown of Dyrovepreva (worn) {rElec Int+2 SInv}
   (You found it in a labyrinth)

   It affects your intelligence (+2).
   It insulates you from electricity.
   It lets you see invisible.
Rods
 r - a +1 rod of shadows (11/11)
   (You found it on level 14 of the Dungeon)
Jewellery
 p - an uncursed ring of resist corrosion
 u - the ring of Jouli (right hand) {rC+ Str+5 Dex+4}
   (You bought it in a shop on level 2 of the Orcish Mines)

   [ring of strength]

   It affects your strength (+5).
   It affects your dexterity (+4).
   It protects you from cold.
 B - an uncursed ring of positive energy
 L - the ring of the Mage {Wiz MR++ Int+3}
   (You found it on level 3 of the Elven Halls)

   [ring of wizardry]

   It improves your spell success rate.
   It affects your intelligence (+3).
   It affects your resistance to hostile enchantments.
 N - an uncursed ring of protection from fire
 O - the ring "Weruot" {rC+ Int+2 Stlth+}
   (You found it on level 4 of the Lair of Beasts)

   [ring of stealth]

   It affects your intelligence (+2).
   It protects you from cold.
   It makes you more stealthy.
 P - the ring of Shadows {Umbra +Inv rN+ SInv}
   (You found it on level 3 of the Elven Halls)

   [ring of positive energy]

   It protects you from negative energy.
   It lets you see invisible.
   It lets you turn invisible.
 R - the ring "Neifoal" (left hand) {rN+ MR+ Int+4}
   (You bought it in a shop on level 3 of the Depths)

   [ring of protection from magic]

   It affects your intelligence (+4).
   It protects you from negative energy.
   It affects your resistance to hostile enchantments.
 S - the amulet of Vitality (around neck) {Regen+ HP+15}
   (You bought it in a shop on level 4 of the Vaults)

   [amulet of regeneration]

   It affects your health (+15).
   It increases your rate of regeneration.
Wands
 g - a wand of teleportation (7/9)
 i - a wand of acid (2/15)
 y - a wand of digging (12/24)
 C - a wand of iceblast (14/15)
 T - a wand of heal wounds (3/9)
 U - a wand of disintegration (7/24)
 V - a wand of hasting (5/9)
Scrolls
 f - 8 scrolls of magic mapping
 j - a scroll of fear
 k - 7 scrolls of teleportation
 o - 28 scrolls of remove curse
 q - 12 scrolls of identify
 z - 6 scrolls of blinking
 H - 6 scrolls of summoning
 Q - 8 scrolls of fog
 X - 4 scrolls of recharging
Potions
 s - 9 potions of magic
 v - 5 potions of haste
 x - 12 potions of heal wounds
 A - 9 potions of agility
 D - 24 potions of curing
 E - 11 potions of might
 F - a potion of invisibility
 G - a potion of resistance
 J - 6 potions of cancellation
 K - 3 potions of berserk rage
Books
 n - a book of Burglary

   Spells                             Type                      Level
   a - Swiftness                      Charms/Air                   2
   b - Passwall                       Transmutation/Earth          2
   c - Passage of Golubria            Translocation                4
   d - Lee's Rapid Deconstruction     Earth                        5
   e - Darkness                       Hexes                        6
   f - Invisibility                   Hexes                        6
Miscellaneous
 Z - a lamp of fire
Comestibles
 c - 32 bread rations
 M - 13 meat rations
 W - 3 chunks of flesh


   Skills:
 - Level 20.0(25.0) Fighting
 + Level 19.9(24.9) Polearms
 - Level 21.9(26.9) Bows
 - Level 15.3(20.3) Armour
 - Level 15.6(20.6) Dodging
 - Level 1.2(6.2) Stealth
 - Level 11.0 Spellcasting
 - Level 3.6 Conjurations
 - Level 3.0 Charms
 - Level 18.7 Translocations
 - Level 11.2 Invocations


You had 13 spell levels left.
You knew the following spells:

 Your Spells              Type           Power        Failure   Level  Hunger
a - Portal Projectile     Tloc           ######       0%          3    None
b - Blink                 Tloc           N/A          0%          2    None
c - Sublimation of Blood  Necr           ##........   12%         2    None
d - Summon Forest         Summ/Tloc      ######....   3%          5    ####...
g - Conjure Flame         Conj/Fire      ###.....     10%         3    None
h - Dispersal             Tloc           #######...   1%          6    ######.
q - Summon Butterflies    Summ           ##......     8%          1    None
s - Searing Ray           Conj           ####..       2%          2    None
t - Passwall              Trmt/Erth      ##........   12%         2    None
v - Apportation           Tloc           #######...   0%          1    None
x - Animate Skeleton      Necr           N/A          8%          1    None
z - Magic Dart            Conj           ####         1%          1    None
E - Swiftness             Chrm/Air       ###.....     6%          2    None
Q - Repel Missiles        Chrm/Air       ###...       6%          2    None
W - Shroud of Golubria    Chrm/Tloc      ######....   1%          2    None


Dungeon Overview and Level Annotations

Branches:
Dungeon (15/15)            Temple (1/1) D:6            Lair (8/8) D:11
  Swamp (4/4) Lair:3       Spider (4/4) Lair:5        Slime (0/6) Lair:7
    Orc (2/2) D:12            Elf (3/3) Orc:2        Vaults (5/5) D:13
  Crypt (0/3) Vaults:3     Depths (5/5) D:15            Zot (5/5) Depths:5

Altars:
Ashenzari
Cheibriados
Dithmenos
Elyvilon
Fedhas
Gozag
Kikubaaqudgha
Makhleb
Nemelex Xobeh
Okawaru
Pakellas
Qazlal
Ru
Sif Muna
Trog
Vehumet
Xom
Yredelemnul
Zin
The Shining One
Beogh
Jiyva

Shops:
Orc:2 %}%=*   Vaults:4 =   Depths:3 =   Depths:5 =

Portals:
Hell: Depths:1 Depths:2 Depths:3 Depths:4 Depths:5
Abyss: Depths:1 Depths:4 Depths:5
Pandemonium: Depths:1 Depths:3 Depths:5
Ziggurat: Depths:4
Trove: D:10 (give horn of Geryon)

Annotations:
Lair:4 exclusion: oklob plant
Vaults:1 exclusion: downstairs


Innate Abilities, Weirdness & Mutations

You have hooves in place of feet.
Armour fits poorly on your strangely shaped body.
You cover ground very quickly.
You have extremely tough skin (AC +3).
You have a pair of small antennae on your head.
You are partially covered in thin metallic scales (AC +2).
You tend to lose your temper in combat.
Scrolls take you longer to read.
Your flesh is heat resistant.
Your natural rate of healing is unusually fast.
You occasionally shout uncontrollably at your foes.


Message History

* * * LOW HITPOINT WARNING * * *
You take 47 damage, and have 59/260 hp.
Read which item? (? for menu, Esc to quit)
Really read with blurry vision while enemies are nearby? [Y]es or [N]o only, please.
Really read with blurry vision while enemies are nearby? [Y]es or [N]o only, please.
Really read with blurry vision while enemies are nearby?
The orb of fire glows red.
The bolt of fire hits you! You resist.
* * * LOW HITPOINT WARNING * * *
The orb of fire emits a lurid red light.
The fireball explodes!
The fireball engulfs you! You resist.
* * * LOW HITPOINT WARNING * * *
You begin reading the scroll.
You continue reading the scroll.
The orb of fire glows yellow.
The fireball explodes!
The fireball engulfs you!
The orb of fire emits a lurid red light.
The bolt of fire hits you! You resist.
You die...

..##.#≈≈≈#..........#.# #.##.#
..##.#≈§§#..........#.# #.##.#*
..##.#≈≈≈#..........#.# #.##...
...'.#####.......8..#.# #.###.#
#'##................'.# #.# #.*
#####▓▓▓▓########.########▓▓▓ *##
,{,,** #...............# **,,
,,,,,** ##.............#* **,,,
,,,,,,** #.....@.......# **,,,,
,,,,,,,* ##..)........## *,,,,,
.......# #...........# *,,,,,
.......# ##.*.........## *,,,,,
.......# #((*..........# *,,,,,
((.....# ##.)...........## *,,,,,
((.....*##(..............##*,,,,.
.(*...###d..###########...###,,..
(....##.(..## ##....##...


You could see 2 orbs of fire and a red draconian.

Vanquished Creatures
  5 ancient liches (Zot:5)
  2 orbs of fire (Zot:5)
  A juggernaut (Depths:2)
  A greater mummy (Depths:4)
  2 curse toes
  2 Killer Klowns (Zot:5)
  10 golden dragons
  A mutant beast (WizLab)
  Nikola (Vaults:2)
  Arachne (Spider:2)
  2 bone dragons
  The ghost of LogicNinja the Bludgeoner, an adept DsGl of Cheibriados (Vaults:2)
  7 electric golems
  18 tentacled monstrosities
  6 liches
  16 Orb Guardians (Zot:5)
  9 titans
  3 quicksilver dragons
  3 deep elf blademasters
  5 death cobs
  2 deep elf master archers (Elf:3)
  6 sphinxes
  Frances (Swamp:2)
  8 tengu reavers
  Kirke (D:12)
  Roxanne (Swamp:4)
  4 thorn hunters (Swamp:3)
  14 storm dragons
  A draconian monk (Zot:2)
  11 shadow dragons
  15 fire giants
  8 ghost moths
  Donald (Elf:2)
  Louise (Swamp:4)
  An iron dragon (Vaults:5)
  3 deep elf sorcerers
  2 draconian scorchers
  8 frost giants
  Maud (D:12)
  3 draconian knights
  17 vault wardens
  An orc warlord (Orc:1)
  5 draconian zealots
  3 balrugs
  6 deep elf elementalists
  2 draconian shifters
  5 emperor scorpions
  2 war gargoyles (Vaults:5)
  A juggernaut zombie (Depths:1)
  14 ironheart preservers
  A spriggan defender (Depths:5)
  5 draconian annihilators
  26 stone giants
  6 draconian callers
  A juggernaut skeleton (Depths:3)
  23 very ugly things
  4 caustic shrike skeletons (Depths:3)
  5 deep elf demonologists
  15 green draconians
  A vampire knight (Depths:2)
  11 red draconians
  7 white draconians
  A salamander stormcaller (Vaults:5)
  10 spark wasps
  12 black draconians
  Snorg (Lair:5)
  12 mottled draconians
  5 yellow draconians
  5 deep elf annihilators
  5 purple draconians
  16 ettins
  A crystal guardian (Vaults:3)
  29 vault guards
  A minotaur (Lab)
  16 fire dragons
  10 deep elf death magi
  A deep elf high priest (Elf:3)
  17 yaktaur captains
  12 entropy weavers
  10 great orbs of eyes
  Josephine (D:15)
  A merfolk impaler (Depths:4)
  7 rakshasas
  Fannar (D:10)
  11 ice dragons
  10 ogre magi
  2 ghost crabs
  27 hydras
  Erolcha (D:9)
  11 centaur warriors
  2 catoblepae (Abyss:3)
  Erica (D:8)
  3 spriggan air magi
  12 deep troll shamans
  4 death knights
  A hell hog (Depths:4)
  10 alligators
  6 tengu warriors
  24 dancing weapons
  3 thrashing horrors (Abyss:2)
  4 spriggan berserkers
  16 deep troll earth magi
  An orc high priest (Orc:2)
  A sun demon (Abyss:2)
  33 deep elf knights
  2 vampire magi
  A titan skeleton (Depths:3)
  A wretched star (Abyss:2)
  Nergalle (D:12)
  An iron golem (WizLab)
  A storm dragon zombie (Depths:4)
  20 skeletal warriors (Depths:3)
  5 shadow wraiths
  An iron giant skeleton (Depths:3)
  2 hell knights (Depths:5)
  6 iron trolls
  2 fire crabs (Lair:7)
  11 giant orange brains
  A spark wasp zombie (Depths:4)
  A shadow demon (Depths:1)
  4 flayed ghosts
  A death drake (Zot:2)
  A golden dragon zombie (Depths:4)
  3 unseen horrors
  A quicksilver dragon simulacrum (Abyss:2)
  A shambling mangrove (Swamp:2)
  10 hill giants
  50 deep trolls
  14 swamp dragons
  A storm dragon skeleton (Depths:3)
  16 ironbrand convokers
  4 golden dragon skeletons (Depths:3)
  The ghost of kelbaugc the Jinx, a novice FeEn of Sif Muna (D:11)
  2 unseen horrors (shapeshifter)
  A tengu zombie (Depths:4)
  27 wolf spiders
  2 lindwurms (shapeshifter)
  21 deep elf archers
  A sphinx zombie (Depths:4)
  2 phantasmal warriors
  25 orc knights
  8 harpies
  A harpy (shapeshifter) (Depths:1)
  5 necromancers
  5 wizards
  A wolf spider zombie (D:14)
  3 anubis guards (shapeshifter)
  8 hornets
  15 orb spiders
  An iron dragon zombie (Depths:4)
  7 cyclopes
  5 orc sorcerers
  65 deep elf magi
  12 griffons
  2 frost giant zombies (Depths:4)
  68 ugly things
  A wolf spider (shapeshifter) (Vaults:1)
  3 tengu skeletons
  28 moths of wrath
  2 cyclopes (shapeshifter)
  3 rust devils
  2 manticores
  3 frost giant skeletons (Depths:3)
  2 iron dragon skeletons (Depths:3)
  2 ice statues
  A guardian serpent (shapeshifter) (WizLab)
  A moth of wrath (shapeshifter) (Depths:2)
  2 apocalypse crabs (Abyss:2)
  4 fire giant skeletons (Depths:3)
  17 elephants
  A black mamba (shapeshifter) (WizLab)
  A spiny frog (shapeshifter) (WizLab)
  A spriggan zombie (Depths:4)
  A stone giant skeleton (Vaults:1)
  40 spiny frogs
  Psyche (D:7)
  8 vault sentinels
  3 black mambas
  A torpor snail (shapeshifter) (WizLab)
  An orange demon (Depths:1)
  2 torpor snails
  A hellion (Depths:5)
  A gargoyle (D:11)
  13 komodo dragons
  48 yaktaurs
  A komodo dragon (shapeshifter) (WizLab)
  4 kobold demonologists
  10 rime drakes
  3 guardian mummies (Depths:4)
  2 efreet
  4 freezing wraiths
  A rime drake (shapeshifter) (WizLab)
  7 demonic crawlers
  An elf (WizLab)
  4 tengu conjurers
  6 catoblepas skeletons (Abyss:3)
  2 hellwings
  A harpy zombie (D:15)
  34 jumping spiders
  A queen bee (Lair:2)
  15 trolls
  An ice devil (Lair:6)
  A red devil (Depths:5)
  A polar bear (shapeshifter) (Vaults:1)
  A wind drake (shapeshifter) (WizLab)
  2 queen bees (shapeshifter) (WizLab)
  24 two-headed ogres
  5 polar bears
  3 raiju (shapeshifter)
  38 slime creatures
  12 boulder beetles
  7 bog bodies
  32 blink frogs
  A boulder beetle (shapeshifter) (Vaults:1)
  9 giant leeches
  10 flying skulls (Depths:3)
  A deep troll zombie (Depths:1)
  A blink frog (shapeshifter) (WizLab)
  An elf skeleton (Depths:3)
  2 spriggans (shapeshifter)
  Sigmund (D:2)
  9 spriggans
  A vampire (D:11)
  An ettin skeleton (Depths:3)
  36 tarantellas
  2 tarantellas (shapeshifter)
  5 wraiths
  5 ynoxinuls
  83 redbacks
  A shadow (Swamp:1)
  7 wyverns
  7 air elementals
  A fire dragon skeleton (Depths:1)
  43 yaks
  2 fire bats (shapeshifter)
  7 water elementals
  3 humans (shapeshifter)
  2 humans (WizLab)
  46 vampire mosquitoes
  19 basilisks
  A basilisk (shapeshifter) (WizLab)
  20 hippogriffs
  A steam dragon (D:8)
  3 fire elementals
  4 chaos spawn
  3 hogs (D:12)
  A hippogriff (shapeshifter) (WizLab)
  2 hungry ghosts (D:11)
  A neqoxec (Depths:1)
  2 mottled dragons
  10 large abominations
  A swamp worm (shapeshifter) (WizLab)
  9 insubstantial wisps
  24 swamp worms
  6 wargs
  2 nagas (shapeshifter)
  3 soldier ants
  3 soldier ants (shapeshifter)
  13 hell hounds
  11 small abominations
  16 porcupines
  The ghost of LogicNinja the Conjurer, an amateur DECj (D:4)
  5 giant eyeballs
  18 swamp drakes
  A giant eyeball (shapeshifter) (Depths:2)
  13 ice beasts
  19 water moccasins
  An ettin simulacrum (Abyss:2)
  2 black bears
  74 orc warriors
  A sky beast (D:10)
  13 wasps
  2 phantoms
  A necrophage (D:13)
  18 wolves
  40 ogres
  An eye of draining (shapeshifter) (WizLab)
  An orc skeleton (Vaults:1)
  A wolf (shapeshifter) (Depths:3)
  34 centaurs
  20 crocodiles
  A human skeleton (Vaults:1)
  4 big kobolds
  42 giant frogs
  7 elf zombies
  6 earth elementals
  A wyvern zombie (D:7)
  A glowing shapeshifter simulacrum (Vaults:3)
  A wyvern skeleton (D:9)
  3 scorpions
  A water moccasin skeleton (D:6)
  A troll zombie (D:10)
  28 killer bees
  13 wights
  8 spriggan skeletons
  6 howler monkeys
  7 electric eels
  A troll skeleton (D:9)
  10 crimson imps
  A centaur zombie (D:6)
  6 jellies
  21 orc priests
  Crazy Yiuf (D:4)
  3 giant frog skeletons
  4 hounds
  8 human zombies (D:10)
  5 centaur skeletons
  An iron imp (Abyss:2)
  Ijyb (D:2)
  24 iguanas
  22 orc wizards
  10 worker ants
  22 sheep
  A hound zombie (D:8)
  9 mummies
  Robin (D:2)
  A worker ant zombie (D:9)
  11 gnolls
  18 adders
  56 river rats
  7 shadow imps
  2 white imps
  An ufetubus (Abyss:2)
  An ooze (D:7)
  An adder skeleton (D:5)
  A worm (D:3)
  8 giant geckos
  157 orcs
  A ball python (D:3)
  3 giant cockroaches
  15 goblins
  13 hobgoblins
  16 jackals
  5 quokkas
  5 bats
  5 giant newts
  16 kobolds
  6 rats
  A fungus (Lair:4)
  7 plants
2919 creatures vanquished.

Vanquished Creatures (collateral kills)
  An Orb Guardian (Zot:5)
1 creature vanquished.

Vanquished Creatures (others)
  A frost giant (Depths:3)
  A draconian knight (Zot:5)
  A ghost moth (Zot:1)
  2 deep elf elementalists (Elf:3)
  A deep elf death mage (Vaults:2)
  A centaur warrior (D:15)
  3 moths of wrath (Zot:5)
  2 yaktaurs (Vaults:3)
  An ancient zyme (Abyss:2)
  An orc warrior (Orc:2)
  An ogre (Vaults:3)
  A centaur (Vaults:2)
  An orc wizard (D:9)
  An orc (Orc:2)
  A briar patch (Swamp:4)
  19 fungi
  48 plants
86 creatures vanquished.

Grand Total: 3006 creatures vanquished

Notes
Turn   | Place    | Note
--------------------------------------------------------------
     0 | D:1      | Helmschank the Centaur Conjurer began the quest for the Orb.
     0 | D:1      | Reached XP level 1. HP: 14/14 MP: 3/3
   449 | D:1      | Reached skill level 1 in Fighting
   459 | D:1      | Reached XP level 2. HP: 23/23 MP: 0/4
  1027 | D:1      | Reached XP level 3. HP: 26/28 MP: 1/5
  1210 | D:1      | Reached skill level 1 in Polearms
  1996 | D:2      | Learned a level 2 spell: Searing Ray
  2148 | D:2      | Reached XP level 4. HP: 26/35 MP: 1/6
  2297 | D:2      | Noticed Ijyb
  2535 | D:2      | Killed Ijyb
  2659 | D:2      | Noticed Robin
  2927 | D:2      | Killed Robin
  2927 | D:2      | Reached XP level 5. HP: 29/40 MP: 5/7
  3080 | D:2      | Found a glowing silver altar of Zin.
  3083 | D:2      | Found a sparkling altar of Nemelex Xobeh.
  3085 | D:2      | Found an iron altar of Okawaru.
  3086 | D:2      | Found an oddly glowing altar of Pakellas.
  3086 | D:2      | Found a burning altar of Makhleb.
  3086 | D:2      | Found a snail-covered altar of Cheibriados.
  3087 | D:2      | Found a blossoming altar of Fedhas.
  3093 | D:2      | Became a worshipper of Warmaster Okawaru
  3117 | D:2      | Noticed Sigmund
  3302 | D:2      | Killed Sigmund
  3302 | D:2      | Reached * piety under Okawaru
  3302 | D:2      | Reached XP level 6. HP: 34/47 MP: 4/8
  3422 | D:2      | Reached skill level 5 in Polearms
  4988 | D:4      | Noticed Crazy Yiuf
  5032 | D:4      | Killed Crazy Yiuf
  5083 | D:4      | Noticed LogicNinja's ghost (amateur DECj)
  5238 | D:4      | Reached XP level 7. HP: 56/56 MP: 3/9
  5319 | D:4      | Killed LogicNinja's ghost
  5819 | D:5      | Entered Level 5 of the Dungeon
  6499 | D:5      | Reached ** piety under Okawaru
  6499 | D:5      | Reached XP level 8. HP: 66/66 MP: 10/10
  7011 | D:5      | Reached skill level 2 in Bows
  7446 | D:5      | Reached skill level 3 in Bows
  7485 | D:5      | Reached skill level 4 in Bows
  7638 | D:5      | Reached skill level 5 in Bows
  7968 | D:6      | Reached skill level 6 in Bows
  8072 | D:6      | Found a staircase to the Ecumenical Temple.
  8164 | D:6      | Reached skill level 7 in Bows
  8177 | Temple   | Entered the Ecumenical Temple
  8453 | D:6      | Reached skill level 8 in Bows
  9268 | D:6      | Reached skill level 9 in Bows
  9268 | D:6      | Reached XP level 9. HP: 72/72 MP: 11/11
  9620 | D:7      | Reached skill level 10 in Bows
  9858 | D:7      | Reached *** piety under Okawaru
 10168 | D:7      | Reached skill level 1 in Armour
 10546 | D:7      | Reached skill level 11 in Bows
 10878 | D:8      | Noticed Psyche
 11350 | D:8      | Noticed Erica
 11530 | D:7      | Reached skill level 12 in Bows
 11978 | D:7      | Paralysed by Psyche for 4 turns
 11997 | D:7      | Killed Psyche
 12294 | D:8      | Killed Erica
 12294 | D:8      | Reached **** piety under Okawaru
 12294 | D:8      | Received a gift from Okawaru
 12294 | D:8      | Received a gift from Okawaru
 12294 | D:8      | Reached XP level 10. HP: 23/80 MP: 12/12
 12886 | D:9      | Reached skill level 13 in Bows
 12898 | D:9      | Got an iridescent rapier
 12916 | D:9      | Identified a -3 rod of shadows (12/12) (You found it on level 9 of the Dungeon)
 13424 | D:9      | Noticed Erolcha
 13442 | D:9      | Killed Erolcha
 13442 | D:9      | Received a gift from Okawaru
 13703 | D:9      | Reached skill level 14 in Bows
 14395 | D:9      | Reached skill level 1 in Invocations
 14683 | D:9      | Reached ***** piety under Okawaru
 15876 | D:10     | Entered Level 10 of the Dungeon
 15999 | D:10     | Reached skill level 5 in Invocations
 16143 | D:10     | Noticed a hill giant
 16192 | D:10     | Killed a hill giant
 16192 | D:10     | Reached XP level 11. HP: 85/85 MP: 11/15
 16242 | D:10     | You fall through a shaft for 2 floors!
 16289 | D:11     | Found a staircase to the Lair.
 16315 | D:11     | Received a gift from Okawaru
 16315 | D:11     | Reached skill level 5 in Armour
 16709 | D:10     | Found a portal to a secret trove of treasure.
 16763 | D:10     | Noticed Fannar
 17077 | D:10     | Received a gift from Okawaru
 17448 | D:10     | Found an ancient bone altar of Kikubaaqudgha.
 18384 | D:10     | Received a gift from Okawaru
 18473 | D:10     | Reached skill level 5 in Fighting
 18753 | D:11     | Noticed a hill giant
 18822 | D:11     | Killed a hill giant
 19016 | D:11     | Noticed a hill giant
 19095 | D:11     | Killed a hill giant
 19647 | D:11     | Noticed kelbaugc's ghost (novice FeEn)
 19649 | D:11     | Noticed a red ugly thing
 20133 | D:11     | Received a gift from Okawaru
 20163 | D:11     | Killed kelbaugc's ghost
 20931 | D:11     | Killed an unseen horror
 20931 | D:11     | Received a gift from Okawaru
 21162 | D:11     | Noticed a purple ugly thing
 21512 | D:10     | Killed Fannar
 21861 | D:10     | Killed a white ugly thing
 21861 | D:10     | Reached skill level 10 in Invocations
 22394 | D:10     | Killed a white ugly thing
 22826 | Lair:1   | Entered Level 1 of the Lair of Beasts
 23234 | D:11     | Received a gift from Okawaru
 23234 | D:11     | Reached XP level 12. HP: 29/97 MP: 19/19
 25717 | Lair:1   | Found a white marble altar of Elyvilon.
 25807 | Lair:1   | Noticed a seven-headed hydra
 25839 | Lair:1   | Killed a seven-headed hydra
 28715 | Lair:2   | Reached skill level 5 in Dodging
 28948 | Lair:2   | Noticed a six-headed hydra
 29019 | Lair:2   | Killed a six-headed hydra
 30704 | Lair:3   | Received a gift from Okawaru
 30783 | Lair:3   | Reached XP level 13. HP: 41/111 MP: 21/21
 31505 | Lair:3   | Found a staircase to the Swamp.
 32752 | Lair:4   | Reached skill level 10 in Fighting
 32930 | Lair:4   | Found an iron altar of Okawaru.
 33628 | Lair:3   | Reached skill level 10 in Polearms
 34229 | Lair:4   | Got a vibrating steel ring
 34231 | Lair:4   | Identified the ring "Weruot" {rC+ Int+2 Stlth+} (You found it on level 4 of the Lair of Beasts)
 36163 | Lair:5   | Received a gift from Okawaru
 36613 | Lair:5   | Identified Exupao's Sophisticated Spellcasting
 36632 | Lair:5   | Noticed Snorg
 36734 | Lair:5   | Killed Snorg
 36937 | Lair:5   | Reached skill level 15 in Bows
 37565 | Lair:5   | Found a hole to the Spider Nest.
 37834 | Lair:6   | Identified the Catalogue of Glamour and the Compass
 37857 | Lair:6   | Found a labyrinth entrance.
 37877 | Lab      | Entered a labyrinth
 38263 | Lab      | Noticed a minotaur
 38293 | Lab      | Killed a minotaur
 38296 | Lab      | Got a faintly glowing hand crossbow
 38328 | Lab      | Got an ancient whip
 38339 | Lab      | Identified a scroll of acquirement
 38679 | Lair:6   | Reached skill level 16 in Bows
 38836 | Lair:6   | Reached XP level 14. HP: 71/121 MP: 22/22
 39140 | Lair:6   | Got an encrusted great mace
 39144 | Lair:6   | Got a shimmering robe
 39201 | Lair:6   | Identified the cursed +1 robe "Cylinus" {MP+9} (You found it on level 6 of the Lair of Beasts)
 39201 | Lair:6   | Identified the +9 great mace of the Sky {crush, Fragile +Fly rC+ Dex+6} (You found it on level 6 of the Lair of Beasts)
 39629 | Lair:6   | Received a gift from Okawaru
 39822 | Lair:6   | Reached skill level 17 in Bows
 40117 | Lair:6   | Received a gift from Okawaru
 40779 | Lair:7   | Received a gift from Okawaru
 40780 | Lair:7   | Got a translucent hat {god gift}
 40791 | Lair:7   | Identified the -4 hat "Digigar" {rN+ rCorr} (Okawaru gifted it to you on level 7 of the Lair of Beasts)
 41406 | Lair:7   | Reached ****** piety under Okawaru
 41406 | Lair:7   | Reached skill level 18 in Bows
 41592 | Lair:7   | Found a basalt altar of Yredelemnul.
 42019 | Lair:7   | Found a viscous altar of Jiyva.
 42019 | Lair:7   | Found a staircase to the Slime Pits.
 42256 | Lair:8   | Entered Level 8 of the Lair of Beasts
 43055 | Lair:7   | Reached skill level 19 in Bows
 43837 | Lair:7   | Received a gift from Okawaru
 43838 | Lair:7   | Got a steaming centaur barding {god gift}
 43849 | Lair:7   | Identified the +3 centaur barding of Elissedene {rC+ Int+4 SInv Stlth+} (Okawaru gifted it to you on level 7 of the Lair of Beasts)
 44384 | Lair:8   | Reached skill level 20 in Bows
 44957 | Lair:7   | Reached XP level 15. HP: 63/126 MP: 23/23
 45968 | Lair:8   | Reached skill level 21 in Bows
 47998 | D:12     | Noticed Maud
 48079 | D:12     | Killed Maud
 48079 | D:12     | Received a gift from Okawaru
 48190 | D:12     | Noticed Nergalle
 48192 | D:12     | Noticed Kirke
 48223 | D:12     | Noticed a sphinx
 48259 | D:12     | Killed Kirke
 48365 | D:12     | Killed Nergalle
 49647 | D:12     | Found a staircase to the Orcish Mines.
 49648 | D:12     | Found a roughly hewn altar of Beogh.
 49794 | Orc:1    | Entered Level 1 of the Orcish Mines
 50018 | Orc:2    | Entered Level 2 of the Orcish Mines
 50018 | Orc:2    | Found a staircase to the Elven Halls.
 50232 | Orc:1    | Received a gift from Okawaru
 51138 | Orc:1    | Noticed an orc warlord
 51154 | Orc:1    | Killed an orc warlord
 51191 | Orc:1    | Found a roughly hewn altar of Beogh.
 51775 | Orc:2    | Found Kyobat's General Store.
 51808 | Orc:2    | Bought a scroll of identify for 26 gold pieces
 51930 | Orc:2    | Found a runed door.
 52950 | Orc:2    | Found Wileus's Gadget Shop.
 52950 | Orc:2    | Found Hoxt's Food Shoppe.
 52950 | Orc:2    | Found Kaekk's Jewellery Emporium.
 53241 | Orc:2    | Found Ipoorah's Food Boutique.
 53286 | Orc:2    | Bought a cursed ring of teleportation for 67 gold pieces
 53286 | Orc:2    | Bought the ring of Jouli {rC+ Str+5 Dex+4} for 954 gold pieces
 53551 | Orc:2    | Found a roughly hewn altar of Beogh.
 54358 | D:13     | Received a gift from Okawaru
 54358 | D:13     | Reached XP level 16. HP: 124/134 MP: 24/24
 54440 | D:13     | Found a gate to the Vaults.
 55195 | D:13     | Found a blossoming altar of Fedhas.
 55230 | D:13     | Got an ichor-stained spear
 55231 | D:13     | Identified the +9 spear "Murmur" {drain, rElec MR+++ Int-5 Dex-5} (You found it on level 13 of the Dungeon)
 55339 | D:13     | Got a brightly glowing scale mail
 55418 | D:13     | Got a bloodstained morningstar
 55462 | D:13     | Identified the +0 scale mail "Lithrisae" {rF+ Int+2} (You found it on level 13 of the Dungeon)
 56578 | D:14     | Identified a +1 rod of shadows (11/11) (You found it on level 14 of the Dungeon)
 56808 | D:15     | Entered Level 15 of the Dungeon
 56997 | D:15     | Found a snail-covered altar of Cheibriados.
 57755 | D:15     | Found a staircase to the Depths.
 58454 | D:15     | Noticed Josephine
 58484 | D:15     | Killed Josephine
 59265 | Swamp:1  | Entered Level 1 of the Swamp
 60118 | Swamp:2  | Noticed Frances
 60142 | Swamp:2  | Killed Frances
 60241 | Swamp:2  | Received a gift from Okawaru
 62940 | Swamp:3  | Noticed a thorn hunter
 62946 | Swamp:3  | Killed a thorn hunter
 63506 | Swamp:4  | Entered Level 4 of the Swamp
 63520 | Swamp:4  | Received a gift from Okawaru
 63602 | Swamp:4  | Noticed Louise
 64774 | Swamp:4  | Reached XP level 17. HP: 144/144 MP: 25/25
 66541 | Swamp:4  | Killed Louise
 66940 | Swamp:4  | Noticed Roxanne
 66953 | Swamp:4  | Killed Roxanne
 66997 | Swamp:4  | Identified Roxanne's Collected Works on Earth (You took it off Roxanne on level 4 of the Swamp)
 67306 | Swamp:4  | Received a gift from Okawaru
 67307 | Swamp:4  | Got a pitted triple sword {god gift}
 67312 | Swamp:4  | Identified the +1 triple sword "Rurghun" {slice, Str+8} (Okawaru gifted it to you on level 4 of the Swamp)
 67354 | Swamp:4  | Got a decaying rune of Zot
 67423 | Swamp:4  | Reached skill level 15 in Polearms
 68328 | Spider:1 | Entered Level 1 of the Spider Nest
 69834 | Spider:1 | Received a gift from Okawaru
 70132 | Spider:1 | Received a gift from Okawaru
 70882 | Spider:2 | Noticed Arachne
 70897 | Spider:2 | Killed Arachne
 70897 | Spider:2 | Received a gift from Okawaru
 71598 | Spider:2 | Reached XP level 18. HP: 152/155 MP: 26/26
 71757 | Spider:2 | Reached skill level 10 in Armour
 73869 | Spider:3 | Received a gift from Okawaru
 74611 | Spider:4 | Entered Level 4 of the Spider Nest
 75098 | Spider:4 | Got a brightly glowing ring mail
 75099 | Spider:4 | Identified the +0 ring mail "Jeanes" {rPois} (You found it on level 4 of the Spider Nest)
 76549 | Spider:4 | Reached skill level 10 in Dodging
 76857 | Spider:3 | Received a gift from Okawaru
 77187 | Spider:4 | Got a gossamer rune of Zot
 77601 | Vaults:1 | Entered Level 1 of the Vaults
 77816 | Vaults:1 | Received a gift from Okawaru
 77845 | Vaults:1 | Received a gift from Okawaru
 77847 | Vaults:1 | Got a smoking ring mail {god gift}
 77904 | Vaults:1 | Identified the +1 ring mail of Free Expression {-Cast *Confuse rElec rPois} (Okawaru gifted it to you on level 1 of the Vaults)
 77949 | Vaults:1 | Learned a level 6 spell: Dispersal
 78053 | Vaults:1 | Reached skill level 1 in Translocations
 79455 | Vaults:1 | Reached XP level 19. HP: 167/167 MP: 27/27
 79890 | Vaults:1 | Reached skill level 5 in Translocations
 80818 | Vaults:1 | Cast into level 2 of the Abyss (a deep elf sorcerer)
 80834 | Vaults:1 | Escaped the Abyss
 80860 | Vaults:1 | Received a gift from Okawaru
 81387 | Vaults:2 | Received a gift from Okawaru
 81827 | Vaults:2 | Noticed Nikola
 81864 | Vaults:2 | Killed Nikola
 82173 | Vaults:2 | Noticed LogicNinja's ghost (adept DsGl)
 85188 | Vaults:3 | Reached skill level 10 in Translocations
 85202 | Vaults:3 | Received a gift from Okawaru
 85541 | Vaults:3 | Reached XP level 20. HP: 176/176 MP: 28/28
 85777 | Vaults:3 | Found an oddly glowing altar of Pakellas.
 85806 | Vaults:3 | Received a gift from Okawaru
 85995 | Vaults:3 | Received a gift from Okawaru
 85996 | Vaults:3 | Got a transparent scale mail {god gift}
 86026 | Vaults:3 | Identified the +1 scale mail of Valour {rPois Regen+} (Okawaru gifted it to you on level 3 of the Vaults)
 86647 | Vaults:3 | Found a staircase to the Crypt.
 89135 | Vaults:4 | Reached skill level 15 in Fighting
 89615 | Vaults:4 | Learned a level 1 spell: Apportation
 89621 | Vaults:4 | Gained mutation: Your flesh is heat resistant. [potion of beneficial mutation]
 90115 | Vaults:4 | Received a gift from Okawaru
 90360 | Vaults:4 | Found Foun's Jewellery Emporium.
 90364 | Vaults:4 | Bought the amulet of Vitality {Regen+ HP+15} for 592 gold pieces
 90742 | Depths:1 | Entered Level 1 of the Depths
 90819 | Depths:1 | Received a gift from Okawaru
 90820 | Depths:1 | Got a brightly glowing mottled dragon armour {god gift}
 90839 | Depths:1 | Identified the +6 mottled dragon armour of the Seas {Slay+5 Stlth+} (Okawaru gifted it to you on level 1 of the Depths)
 91531 | Depths:1 | Found a one-way gate leading to the halls of Pandemonium.
 91774 | Depths:1 | Reached XP level 21. HP: 185/185 MP: 29/29
 91828 | Depths:1 | Found a one-way gate to the infinite horrors of the Abyss.
 91971 | Depths:1 | Found a gateway to Hell.
 92841 | Depths:2 | Received a gift from Okawaru
 93036 | Depths:2 | Received a gift from Okawaru
 93187 | Depths:2 | Received a gift from Okawaru
 93188 | Depths:2 | Got a steaming centaur barding {god gift}
 93220 | Depths:2 | Identified the +0 centaur barding of Okawaru's Approval {MR+} (Okawaru gifted it to you on level 2 of the Depths)
 93243 | Depths:2 | Noticed a juggernaut
 93343 | Depths:2 | Paralysed by a sphinx for 5 turns
 93359 | Depths:2 | Killed a juggernaut
 93873 | Depths:2 | Reached skill level 15 in Translocations
 93922 | Depths:2 | Noticed a golden dragon
 93934 | Depths:2 | Killed a golden dragon
 93973 | Depths:2 | Noticed a golden dragon
 94137 | Depths:2 | Killed a golden dragon
 95053 | Depths:2 | Received a gift from Okawaru
 95054 | Depths:2 | Got a transparent rapier {god gift}
 95502 | Depths:2 | Identified the Volume of Changing
 95675 | Depths:3 | Reached XP level 22. HP: 139/193 MP: 30/30
 96040 | Depths:3 | Found Yshriuwer's Jewellery Shoppe.
 96065 | Depths:3 | Bought the ring "Neifoal" {rN+ MR+ Int+4} for 624 gold pieces
 96638 | Depths:3 | Received a gift from Okawaru
 96995 | Depths:3 | Identified the +4 rapier of Qutwexze {venom, +Fly MR+ MP+9 Str+4} (Okawaru gifted it to you on level 2 of the Depths)
 97718 | Depths:3 | Received a gift from Okawaru
 97884 | Depths:3 | Got a crystal morningstar {speed}
 97893 | Depths:3 | Identified the +2 morningstar "Pememoneeboll" {speed, rF+} (You took it off a skeletal warrior on level 3 of the Depths)
 98019 | Depths:3 | Got a slimy scale mail
 98020 | Depths:3 | Identified the +4 scale mail of the Duchess {MR++ Str+3} (You took it off a skeletal warrior on level 3 of the Depths)
 99043 | Depths:4 | Got a shimmering iron amulet
 99047 | Depths:4 | Identified the amulet of Ughonem {*Drain +Rage MR+ Str+7 Slay-6} (You found it on level 4 of the Depths)
 99567 | Depths:4 | Found a shattered altar of Ashenzari.
 99641 | Depths:4 | Found a gateway to a ziggurat.
 99722 | Depths:4 | Received a gift from Okawaru
100399 | Depths:4 | Received a gift from Okawaru
100686 | Depths:4 | Noticed a greater mummy
100884 | Depths:4 | Killed a greater mummy
100884 | Depths:4 | Reached XP level 23. HP: 119/199 MP: 25/31
101079 | Depths:5 | Entered Level 5 of the Depths
101079 | Depths:5 | Found a magical portal.
101212 | Depths:5 | Received a gift from Okawaru
101248 | Depths:5 | Found Sifuak's Jewellery Shoppe.
101446 | WizLab   | Entered Cigotuvi's Fleshworks
101865 | WizLab   | Identified Cigotuvi's Handbook of Doomed Moulding
101867 | WizLab   | Identified the Almanac of Shape Shifting
101926 | WizLab   | Received a gift from Okawaru
102431 | WizLab   | Got a wavering lapis lazuli ring
102436 | WizLab   | Identified the cursed ring "Xoferer" {MR++ Dex-2} (You found it in a wizard's laboratory)
102523 | WizLab   | Gained mutation: You are partially covered in thin metallic scales (AC +2). [potion of beneficial mutation]
102524 | WizLab   | Gained mutation: You have a pair of small antennae on your head. [potion of beneficial mutation]
102525 | WizLab   | Gained mutation: Your natural rate of healing is unusually fast. [potion of beneficial mutation]
103117 | Vaults:2 | Killed LogicNinja's ghost
103468 | Vaults:5 | Entered Level 5 of the Vaults
104042 | Vaults:5 | Received a gift from Okawaru
104093 | Vaults:5 | Received a gift from Okawaru
104531 | Vaults:5 | Got a silver rune of Zot
104786 | Vaults:5 | Got a pair of pitted gloves
104787 | Vaults:5 | Identified the cursed +0 pair of gloves of the Last Suns {+Fly rElec rC+ Stlth-} (You found it on level 5 of the Vaults)
104937 | Vaults:5 | Reached XP level 24. HP: 182/207 MP: 31/31
105115 | Vaults:5 | Received a gift from Okawaru
105148 | Vaults:5 | Reached skill level 15 in Dodging
105273 | Vaults:4 | Received a gift from Okawaru
106207 | Vaults:5 | Identified the Guide on Dislocated Attacks (You found it on level 5 of the Vaults)
106457 | Vaults:5 | Identified the Incunabulum of Contamination
106592 | Vaults:5 | Learned a level 2 spell: Blink
106596 | Vaults:5 | Learned a level 3 spell: Portal Projectile
107217 | Vaults:1 | Learned a level 2 spell: Shroud of Golubria
107428 | Depths:2 | Reached skill level 1 in Charms
108687 | Depths:5 | Received a gift from Okawaru
109135 | Depths:5 | Received a gift from Okawaru
109236 | Depths:5 | Found a gate to the Realm of Zot.
109338 | Zot:1    | Entered Level 1 of the Realm of Zot
109492 | Zot:1    | Reached skill level 5 in Spellcasting
109506 | Zot:1    | Reached XP level 25. HP: 220/220 MP: 23/31
111698 | Zot:2    | Received a gift from Okawaru
113294 | Zot:3    | Received a gift from Okawaru
113547 | Zot:3    | Received a gift from Okawaru
113548 | Zot:3    | Got a pair of shimmering gloves {god gift}
113570 | Zot:3    | Identified the +2 pair of gloves of Insatiable Hunger {MP+9 Stlth+} (Okawaru gifted it to you on level 3 of the Realm of Zot)
114096 | Zot:3    | Reached XP level 26. HP: 236/236 MP: 36/36
114552 | Zot:4    | Reached skill level 10 in Spellcasting
115712 | Zot:5    | Entered Level 5 of the Realm of Zot
116941 | Elf:1    | Entered Level 1 of the Elven Halls
117334 | Elf:1    | Identified the Guide on Sinister Arts (You found it on level 1 of the Elven Halls)
117880 | Elf:1    | Received a gift from Okawaru
118509 | Elf:2    | Found a runed gate.
118511 | Elf:2    | Found a runed gate.
118520 | Elf:2    | Found a runed gate.
119041 | Elf:2    | Received a gift from Okawaru
119277 | Elf:2    | Noticed Donald
119281 | Elf:2    | Killed Donald
119496 | Elf:3    | Entered Level 3 of the Elven Halls
121271 | Elf:3    | Identified the Papyrus of the Burning Entourage
121300 | Elf:3    | Identified Gaoscheap's Tome of Transmutation and the Birds
121310 | Elf:3    | Learned a level 2 spell: Swiftness
121331 | Elf:3    | Identified the Compendium of Doomed Summoning (You found it on level 3 of the Elven Halls)
121342 | Elf:3    | Got a pair of warped gloves
121343 | Elf:3    | Identified the +1 pair of gloves "Cowe" {Str+2} (You found it on level 3 of the Elven Halls)
121364 | Elf:3    | Learned a level 2 spell: Passwall
121371 | Elf:3    | Learned a level 2 spell: Repel Missiles
121376 | Elf:3    | Learned a level 3 spell: Conjure Flame
121379 | Elf:3    | Learned a level 2 spell: Sublimation of Blood
121381 | Elf:3    | Learned a level 1 spell: Animate Skeleton
121383 | Elf:3    | Learned a level 1 spell: Summon Butterflies
121389 | Elf:3    | Learned a level 5 spell: Summon Forest
121438 | Elf:3    | Reached XP level 27. HP: 246/246 MP: 38/38
121782 | Depths:1 | Voluntarily entered the Abyss.
122349 | Abyss:2  | Received a gift from Okawaru
122651 | Abyss:3  | Got an abyssal rune of Zot
122666 | Depths:1 | Escaped the Abyss
123723 | Zot:5    | Noticed an ancient lich
123732 | Zot:5    | Killed an ancient lich
123732 | Zot:5    | Received a gift from Okawaru
123732 | Zot:5    | Reached skill level 15 in Armour
123736 | Zot:5    | Got a distressingly furry robe {god gift}
123737 | Zot:5    | Identified the +1 robe of Heaxo {rPois} (Okawaru gifted it to you on level 5 of the Realm of Zot)
123837 | Zot:5    | Noticed an ancient lich
123846 | Zot:5    | Killed an ancient lich
123913 | Zot:5    | Noticed an ancient lich
124287 | Zot:5    | Killed an ancient lich
124663 | Zot:5    | Noticed an orb of fire
124704 | Zot:5    | Gained mutation: You are clumsy. (Dex -2) [an orb of fire]
124723 | Zot:5    | Gained mutation: You tend to lose your temper in combat. [an orb of fire]
124921 | Zot:5    | Gained mutation: Scrolls take you a little longer to read. [an orb of fire]
124939 | Zot:5    | Lost mutation: You are clumsy. (Dex -2) [an orb of fire]
124950 | Zot:5    | Killed an orb of fire
125236 | Zot:5    | Noticed an orb of fire
125266 | Zot:5    | Gained mutation: Scrolls take you longer to read. [an orb of fire]
125281 | Zot:5    | Killed an orb of fire
125423 | Zot:5    | Noticed an ancient lich
125460 | Zot:5    | Noticed an ancient lich
125654 | Zot:5    | Killed an ancient lich
125678 | Zot:5    | Noticed an ancient lich
125785 | Zot:5    | Killed an ancient lich
125843 | Zot:5    | Noticed an orb of fire
125885 | Zot:5    | Noticed an orb of fire
125897 | Zot:5    | Gained mutation: You occasionally shout uncontrollably at your foes. [an orb of fire]
125914 | Zot:5    | Killed from afar by an orb of fire

Skill      XL: |  1  2  3  4  5  6  7  8  9 10 11 12 13 14 15 16 17 18 19 20 21 22 23 24 25 26 27 |
---------------+----------------------------------------------------------------------------------+-----
Fighting       | 1 2 4 6 9 10 11 12 14 15 16 19 20 | 20.0
Dodging        | 2 5 6 7 10 11 14 15 | 15.6
Polearms       | 2 3 4 5 7 8 11 12 14 15 16 19 | 19.9
Bows           | 9 12 14 16 20 21 | 21.9
Armour         | 3 4 5 7 9 10 11 12 14 15 | 15.3
Invocations    | 5 10 11 | 11.2
Translocations | 3 10 13 16 17 18 | 18.7
Charms         | 3 |  3.0
Spellcasting   | 5 9 11 | 11.0
Stealth        | |  1.2
Conjurations   | |  3.6

Action                   |  1- 3 |  4- 6 |  7- 9 | 10-12 | 13-15 | 16-18 | 19-21 | 22-24 | 25-27 || total
-------------------------+-------+-------+-------+-------+-------+-------+-------+-------+-------++-------
Melee: Dagger            |    10 |       |       |       |       |       |       |       |       ||    10
       Kick              |    11 |    17 |    63 |   253 |   354 |   496 |   151 |   189 |   248 ||  1782
       Unarmed           |     2 |       |       |       |       |       |       |       |       ||     2
       Halberd           |    47 |   185 |    73 |       |       |       |   333 |   440 |   249 ||  1327
       Trident           |       |       |   336 |  1048 |  1177 |  1293 |    67 |    16 |     2 ||  3939
       Shortbow          |       |       |     1 |       |       |       |       |       |       ||     1
       Punch             |       |       |       |     4 |     1 |       |       |       |       ||     5
       Broad axe         |       |       |       |       |    16 |       |       |       |       ||    16
       Spear             |       |       |       |       |       |     6 |       |       |       ||     6
       Glaive            |       |       |       |       |       |       |       |       |   306 ||   306
 Fire: Shortbow          |       |       |   213 |  1130 |   389 |       |       |       |       ||  1732
       Longbow           |       |       |       |       |  1456 |  1431 |  1918 |  1983 |  1684 ||  8472
Throw: Stone             |    22 |    11 |     1 |     3 |       |       |       |       |       ||    37
       Tomahawk          |       |     5 |    14 |     1 |       |       |       |       |       ||    20
       Javelin           |       |       |       |     8 |    14 |       |       |       |       ||    22
 Cast: Magic Dart        |    60 |    41 |    14 |       |       |       |       |       |       ||   115
       Searing Ray       |     1 |    12 |     5 |       |       |       |       |       |       ||    18
       Apportation       |       |       |       |       |       |       |       |     7 |     2 ||     9
       Shroud of Golubri |       |       |       |       |       |       |       |     4 |       ||     4
       Portal Projectile |       |       |       |       |       |       |       |     1 |     8 ||     9
       Repel Missiles    |       |       |       |       |       |       |       |       |     1 ||     1
       Blink             |       |       |       |       |       |       |       |       |     1 ||     1
Invok: Heroism           |       |       |     1 |    15 |     9 |     5 |     3 |     3 |     5 ||    41
       Finesse           |       |       |       |     2 |     1 |     2 |     2 |     3 |     3 ||    13
 Abil: Evoke Flight      |       |       |       |       |       |     1 |       |     1 |       ||     2
       Stop Flying       |       |       |       |       |       |       |       |     1 |       ||     1
Evoke: Wand              |       |     1 |     4 |     1 |       |     2 |     2 |     5 |     5 ||    20
  Use: Scroll            |       |     6 |     6 |    10 |    15 |    21 |     5 |    11 |     9 ||    83
       Potion            |       |       |     1 |     4 |     2 |       |     4 |     5 |       ||    16
 Stab: Invisible         |       |       |     2 |       |       |       |       |       |       ||     2
       Sleeping          |       |       |       |       |     1 |       |       |       |     2 ||     3
       Petrified         |       |       |       |       |       |       |       |       |     2 ||     2
       Petrifying        |       |       |       |       |       |       |       |       |     1 ||     1
  Eat: Chunk             |     2 |     9 |    20 |    35 |    56 |    23 |    32 |    16 |    17 ||   210
       Meat ration       |     1 |       |       |       |       |     8 |     1 |     2 |     4 ||    16
       Fruit             |       |       |     1 |    10 |     7 |     5 |       |     9 |     2 ||    34
       Royal jelly       |       |       |       |     4 |     1 |       |       |       |       ||     5
       Beef jerky        |       |       |       |     1 |     1 |       |       |     1 |     1 ||     4
       Pizza             |       |       |       |     1 |       |     1 |       |       |     1 ||     3
Armor: Robe              |     3 |       |       |   185 |   493 |       |       |       |       ||   681
       Leather armour    |    42 |   135 |   161 |   340 |       |       |       |       |       ||   678
       Animal skin       |       |       |    54 |       |       |       |       |       |       ||    54
       Chain mail        |       |       |       |       |   125 |  1003 |   199 |       |       ||  1327
       Scale mail        |       |       |       |       |       |       |    18 |       |       ||    18
       Mottled dragon ar |       |       |       |       |       |       |   132 |   344 |   388 ||   864
       Skin              |       |       |       |       |       |       |       |     1 |       ||     1
Dodge: Dodged            |    40 |    84 |   113 |   303 |   413 |   419 |   255 |   397 |   580 ||  2604
       Deflected         |       |       |       |       |       |       |       |       |     5 ||     5
Block: Other             |       |       |       |       |   136 |   207 |    42 |       |       ||   385
       Reflection        |       |       |       |       |    17 |    14 |    15 |       |       ||    46
